 Dungeon Crawl Stone Soup version 0.28-a0-957-g42eb19b844 (webtiles) character file.

Game seed: 14214354770517284272

1888 croobank the Sneak (level 9, -4/47 (52) HPs)
             Began as an Octopode Monk on Nov 30, 2021.
             Was an Elder of Hepliaklqana.
             Slain by a wight (7 damage)
             ... on level 7 of the Dungeon.
             The game lasted 00:30:22 (8180 turns).

croobank the Sneak (Octopode Monk)                  Turns: 8180, Time: 00:30:25

HP:   -4/47 (52)    AC:  1    Str: 14    XL:     9   Next: 15%
MP:   17/17         EV: 14    Int: 12    God:    Hepliaklqana [****..]
Gold: 285           SH:  5    Dex: 15    Spells: 13/19 levels left

rFire   + . .      SeeInvis +   a - +2 hand axe
rCold   . . .      Faith    .   (no shield)
rNeg    . . .      Spirit   .   (helmet restricted)
rPois   .          Reflect  +   i - amulet of reflection
rElec   .          Harm     .   r - ring of flight
rCorr   .          Rampage  .   e - ring of protection from fire
Will    +....                   t - ring of see invisible
Stlth   ++++......              g - ring of willpower
HPRegen 0.15/turn               (no ring)
MPRegen 0.15/turn               (no ring)
                                (no ring)
                                (no ring)

@: flying, drained
A: reduced essence, almost no armour, amphibious, 8 rings, camouflage 1,
gelatinous body 1, (nimble swimmer 1), tentacles
a: Renounce Religion, Recall Ancestor, Ancestor Identity, Transference, Idealise


You were on level 7 of the Dungeon.
You worshipped Hepliaklqana.
Hepliaklqana was greatly pleased with you.
You visited 1 branch of the dungeon, and saw 7 of its levels.

You collected 285 gold pieces.

Inventory:

Hand Weapons
 a - a +2 hand axe (weapon)
 b - a +0 hunting sling
 v - a +0 shortbow
 E - a +3 dagger
Missiles
 c - 231 stones (quivered)
 d - 3 poisoned darts
 o - 42 arrows
 p - 19 sling bullets
 u - 8 boomerangs
 w - 6 silver javelins
 y - 6 curare-tipped darts
Magical Staves
 l - a staff of poison
Jewellery
 e - a ring of protection from fire (right tentacle)
 g - a ring of willpower (on tentacle)
 i - an amulet of reflection (around mantle)
 r - a ring of flight (left tentacle)
 s - an amulet of magic regeneration
 t - a ring of see invisible (on tentacle)
Wands
 C - a wand of mindburst (11)
Scrolls
 f - a scroll of magic mapping
 h - a scroll of silence {unknown}
 k - 2 scrolls of teleportation {unknown}
 m - a scroll of torment {unknown}
 n - 5 scrolls of enchant armour
 z - a scroll of enchant weapon
 B - a scroll of immolation {unknown}
Potions
 j - 2 potions of curing
 q - 2 potions of heal wounds
 x - a potion of attraction {unknown}
 A - a potion of degeneration {unknown}
 D - a potion of ambrosia {unknown}


   Skills:
 - Level 3.9 Fighting
 - Level 5.4 Axes
 - Level 0.1 Throwing
 - Level 3.9 Dodging
 - Level 7.0 Stealth
 - Level 0.2 Shields
 + Level 5.5 Spellcasting
 + Level 6.0 Hexes


You had 13 spell levels left.
You knew the following spells:

 Your Spells              Type           Power      Damage    Failure   Level
a - Slow                  Hex            68%        N/A       1%          1
b - Confusing Touch       Hex            17%        N/A       4%          3
c - Pain                  Necr           12%        1d4       19%         1
d - Animate Skeleton      Necr           6%         N/A       19%         1

Your spell library contained the following spells:

 Spells                   Type           Power      Damage    Failure   Level
 Vampiric Draining        Necr           3%         2d6       50%         3
 Yara's Violent Unravell  Hex/Tmut       5%         3d4       83%         5


Dungeon Overview and Level Annotations

Branches:
Dungeon (7/15)             Temple (0/1) D:5

Altars:
Ashenzari
Hepliaklqana
Nemelex Xobeh
Okawaru
Ru
Trog

Shops:
D:3 =


Innate Abilities, Weirdness & Mutations

Your life essence is reduced to manifest your ancestor. (-10% HP)
You cannot wear most types of armour.
You are amphibious.
You can wear up to eight rings at the same time.
Your skin changes colour to match your surroundings (Stealth+).
Your rubbery body absorbs attacks. (AC +1, EV +1)
((You are camouflaged near water. (Stealth+)))
You have tentacles for arms and can constrict up to eight enemies at once.


Message History

You kill the ufetubus!
Andrew J.
Allford hits the wight with a +0 flail!
The wight is destroyed!
Your Hexes skill increases to level 6!
You swap places.
A wight comes into view. It is wielding a +5 falchion.
You block the wight's attack.
Things that are here:
a +4 falchion; a +0 robe You closely miss the wight.
You grab the wight. You hit the wight. You constrict the wight.
The wight closely misses you. The wight hits you with a +5 falchion!
You hit the wight but do no damage.
You squeeze the wight, but do no damage.
The wight is lightly damaged.
You hit the wight but do no damage. You constrict the wight.
The wight misses you. The wight hits you with a +5 falchion!
You feel drained.
Andrew J.
Allford hits the wight with a +0 flail.
You hit the wight. You squeeze the wight.
The wight is severely damaged.
You barely miss the wight. You constrict the wight.
The wight barely misses you. The wight hits you with a +5 falchion!
You feel drained.
Andrew J.
Allford hits the wight with a +0 flail!
The wight is destroyed!
You hit the wight but do no damage. Your grab misses the wight.
The wight is lightly damaged.
The wight completely misses you.
Andrew J.
Allford hits the wight but does no damage.
You closely miss the wight. You grab the wight. You squeeze the wight.
The wight is heavily damaged.
You constrict the wight. The wight closely misses you.
Andrew J.
Allford completely misses the wight.
You hit the wight but do no damage.
The wight is heavily damaged.
You constrict the wight, but do no damage.
The wight hits you with a +5 falchion!
* * * LOW HITPOINT WARNING * * *
You feel drained.
You die...

# # .# .#.###.###
.#.. ... #... ..
#..# .# #z)##.# #
#R@#..#.# #.......#
#.##.##.# #.......#
####.####
##########.#
####.......##.# #
###.......##.##.#
#.##.........##.##[#


You could see the friendly Andrew J. Allford the knight and a wight (ally
target).

Vanquished Creatures
  Eustachio (D:4)
  A water moccasin (D:6)
  An ogre (D:4)
  A phantom (D:7)
  A wyvern skeleton (D:6)
  A water moccasin skeleton (D:4)
  A hound (D:4)
  A jelly (D:4)
  2 orc priests
  3 iguanas
  2 orc wizards
  A hound skeleton (D:4)
  3 gnolls (D:4)
  4 adders
  2 white imps
  An ufetubus (D:7)
  2 worms
  2 dart slugs
  7 orcs
  6 ball pythons
  6 endoplasms
  A giant cockroach (D:1)
  4 hobgoblins
  2 kobolds
  6 quokkas
  7 bats
  5 frilled lizards
  5 goblins
  A rat (D:1)
80 creatures vanquished.

Vanquished Creatures (collateral kills)
  2 ogres
  A sky beast (D:4)
  A centaur (D:6)
  A phantom (D:6)
  A bullfrog (D:7)
  A wyvern zombie (D:6)
  A scorpion (D:5)
  A water moccasin zombie (D:5)
  4 wights (D:7)
  A howler monkey (D:7)
  A gnoll shaman (D:4)
  An orc wizard (D:6)
  A hound skeleton (D:4)
  A gnoll (D:4)
  2 adders (D:4)
  2 orcs (D:4)
  An endoplasm (D:1)
23 creatures vanquished.

Vanquished Creatures (others)
  An orc wizard (D:6)
  A plant (D:1)
2 creatures vanquished.

Grand Total: 105 creatures vanquished

Notes
Turn   | Place    | Note
-------+----------+-------------------------------------------
     0 | D:1      | croobank the Octopode Monk began the quest for the Orb.
     0 | D:1      | Reached XP level 1. HP: 16/16 MP: 1/1
   131 | D:1      | Reached XP level 2. HP: 10/21 MP: 2/2
   399 | D:1      | Found a faded altar of an unknown god.
   412 | D:1      | Prayed at the altar of an unknown god.
   412 | D:1      | Became a worshipper of Hepliaklqana the Forgotten
   412 | D:1      | Reached * piety under Hepliaklqana
   412 | D:1      | Reached ** piety under Hepliaklqana
   612 | D:1      | Reached *** piety under Hepliaklqana
  1062 | D:2      | Reached skill level 3 in Stealth
  1271 | D:2      | Reached XP level 3. HP: 19/23 MP: 3/3
  2734 | D:3      | Reached XP level 4. HP: 22/27 MP: 4/4
  2798 | D:3      | Found Akhop's Jewellery Shoppe.
  3181 | D:4      | Reached skill level 4 in Stealth
  3463 | D:4      | Found an iron altar of Okawaru.
  3471 | D:4      | Noticed an ogre
  3473 | D:4      | Found a sacrificial altar of Ru.
  3477 | D:4      | Killed an ogre
  3478 | D:4      | Reached skill level 5 in Stealth
  3478 | D:4      | Reached XP level 5. HP: 32/32 MP: 5/5
  3566 | D:4      | Noticed Eustachio
  3569 | D:4      | Remembered your ancestor Andrew J. Allford as a knight
  3570 | D:4      | Noticed a sky beast
  3589 | D:4      | Killed a sky beast
  3590 | D:4      | Reached XP level 6. HP: 16/38 MP: 6/6
  3845 | D:4      | Killed Eustachio
  3846 | D:4      | Reached skill level 5 in Axes
  3846 | D:4      | Reached skill level 6 in Stealth
  4010 | D:4      | Reached XP level 7. HP: 13/42 MP: 7/7
  4250 | D:4      | HP: 1/63 [gnoll (8)]
  4252 | D:4      | Reached skill level 7 in Stealth
  4780 | D:4      | Learned a level 1 spell: Slow
  4794 | D:4      | Reached **** piety under Hepliaklqana
  4805 | D:4      | Reached skill level 1 in Spellcasting
  4805 | D:4      | Reached skill level 1 in Hexes
  5475 | D:4      | Learned a level 3 spell: Confusing Touch
  5527 | D:5      | Entered Level 5 of the Dungeon
  5629 | D:5      | Found a staircase to the Ecumenical Temple.
  5713 | D:5      | Reached XP level 8. HP: 34/48 MP: 8/12
  5888 | D:5      | Learned a level 1 spell: Pain
  6053 | D:5      | Found a bloodstained altar of Trog.
  6415 | D:6      | Found a sparkling altar of Nemelex Xobeh.
  6514 | D:6      | Identified the +2 pair of boots of Baclyoh {rElec Str+3}
  6612 | D:6      | Learned a level 1 spell: Animate Skeleton
  7302 | D:6      | Reached skill level 5 in Hexes
  7566 | D:7      | Found a broken altar of Ashenzari.
  7573 | D:7      | Reached skill level 5 in Spellcasting
  7826 | D:7      | Reached XP level 9. HP: 34/52 MP: 16/16
  8180 | D:7      | Slain by a wight

Illustrated notes

Levels and vault maps discovered:
D:1:      elethiomel_arrival_maze, layout_rooms,
          shapermc_ecumenical_altar_mp_ritualfount, serial_glass,
          glass_columns_a, glass_columns_a, item_on_display_a,
          due_unseen_surprise, minmay_strange_pillars
D:2:      layout_loops_cross, due_unseen_surprise
D:3:      layout_loops_corners, serial_shops, nicolae_shop_behind_doors,
          grunt_ministairs_3
D:4:      layout_loops_cross, mainiacjoe_overflow_catwalk_spiral,
          minmay_bisected, uniq_eustachio
D:5:      layout_rooms, trog_book, minmay_temple_entry_junction_2
D:6:      layout_basic, nemelex_xobeh_ov_fountains_minmay
D:7:      layout_loops_cross, palyth_temple_overflow_mages,
          nicolae_ashenzari_panopticon, uniq_maggie

Skill      XL: |  1  2  3  4  5  6  7  8  9 |
---------------+----------------------------+-----
Stealth        | 3 5 6 7 |  7.0
Axes           | 4 5 |  5.4
Spellcasting   | 2 5 |  5.5
Hexes          | 2 5 6 |  6.0
Fighting       | |  3.9
Throwing       | |  0.1
Dodging        | |  3.9
Shields        | |  0.2

Action                   |  1- 3 |  4- 6 |  7- 9 || total
-------------------------+-------+-------+-------++-------
Melee: Hand axe          |    73 |    31 |   114 ||   218
       Tentacles         |    14 |     8 |    39 ||    61
       Constrict         |    15 |     5 |    29 ||    49
       Unarmed           |       |     5 |    12 ||    17
Throw: Throwing net      |       |     1 |       ||     1
 Cast: Slow              |       |       |     5 ||     5
       Confusing Touch   |       |       |     3 ||     3
Invok: Ancestor Identity |     1 |       |       ||     1
       Ancestor Life: Kn |       |     1 |       ||     1
  Use: Scroll            |     1 |     5 |     2 ||     8
       Potion            |       |     1 |     3 ||     4
 Stab: Sleeping          |    16 |     4 |    11 ||    31
       Confused          |       |       |     2 ||     2
Armor: Skin              |     5 |     1 |     4 ||    10
Dodge: Dodged            |    44 |    12 |    59 ||   115
Block: Other             |     5 |     3 |    24 ||    32
       Reflection        |       |       |     1 ||     1

Table legend: (Time is in decaauts)
 A = Elapsed time spent in this place.
 B = Non-inter-level travel time spent in this place.
 C = Inter-level travel time spent in this place.
 D = Time resting spent in this place.
 E = Time spent auto-exploring this place.
 F = Levels seen in this place.
 G = Mean time per level.
                   A        B        C        D        E       F      G
               +--------+--------+--------+--------+--------+-----+--------+
         Total |   8184 |   8025 |    159 |   2477 |   4260 |   7 | 1169.1 |
       Dungeon |   8184 |   8025 |    159 |   2477 |   4260 |   7 | 1169.1 |
               +--------+--------+--------+--------+--------+-----+--------+

Top non-repeatable levels by time:
     D:4: 2395 daAuts
     D:3: 1402 daAuts
     D:6: 1304 daAuts
     D:1: 950 daAuts
     D:2: 783 daAuts
     D:7: 763 daAuts
     D:5: 585 daAuts
